 Dungeon Crawl Stone Soup version 0.30.0-15-g856e2d3f33 (webtiles) character file.

Game seed: 2796095530125062645

38 Twinkles the Covered (level 3, 0/33 HPs)
             Began as a Meteoran Fighter on May 19, 2023.
             Succumbed to a scorpion's poison
             ... on level 3 of the Dungeon.
             The game lasted 00:03:15 (400 turns).

Twinkles the Covered (Meteoran Fighter)              Turns: 400, Time: 00:03:16

Health: 0/33       AC:  7    Str: 19    XL:     3   Next: 91%
Magic:  4/4        EV:  9    Int:  9    God:
Gold:   28         SH:  5    Dex: 14    Spells: 2/2 levels left

rFire   . . .        a - +0 war axe
rCold   . . .        c - +0 buckler
rNeg    . . .        b - +0 scale mail
rPois   .            (no helmet)
rElec   .            (no cloak)
rCorr   .            (no gloves)
SInv    .            (no boots)
Will    .....        (no amulet) Stlth
                     (no ring)
HPRegen 0.25/turn    (no ring)
MPRegen 0.09/turn

%: no passive effects
@: lethally poisoned (0 -> -9), flying, glowing
A: sense surroundings 1, otherworldly, glowing, explore regen
a: no special abilities


You were on level 3 of the Dungeon.
You visited 1 branch of the dungeon, and saw 4 of its levels.

You collected 28 gold pieces.

Inventory:

Hand Weapons
 a - a +0 war axe (weapon)
Armour
 b - a +0 scale mail (worn)
 c - a +0 buckler (worn)
Scrolls
 d - a scroll of identify {unknown}
 e - a scroll of vulnerability {unknown}
Potions
 g - a potion of berserk rage {unknown}
 h - a potion of heal wounds {unknown}
 i - a potion of curing {unknown}
 M - a potion of might


   Skills:
 + Level 3.7 Fighting
 * Level 3.6 Axes
 + Level 4.1 Armour
 - Level 3.6 Shields


You had 2 spell levels left.
You didn't know any spells.
Your spell library was empty.

Dungeon Overview and Level Annotations

Branches:
Dungeon (4/15) Zot: 1979
 Temple: D:4-7

Altars:

Annotations:
D:4 Grinder


Innate Abilities, Weirdness & Mutations

You passively map a small area around you.
You are easily found by Zot.
You glow in the dark.
You regain HP and MP as you explore.


Message History

An orc comes into view. It is wielding a +0 war axe.
Grinder gestures at you.
You suddenly lose the ability to move!
The scorpion stings you. The orc hits you with a +0 dagger.
The scorpion stings you.
You are poisoned.
The scorpion poisons you!
You can move again.
Unknown command.
Unknown command.
Unknown command.
You feel sick.
The scorpion stings you but does no damage.
The orc hits you with a +0 hand axe.
Grinder grins, showing sharp teeth.
The scorpion stings you but does no damage.
In your confused state, you trip and fall back down the stairs.
You feel sick. The scorpion stings you.
You are lethally poisoned!
The scorpion poisons you!
The orc wizard hits you with a +0 dagger.
The orc hits you with a +0 hand axe.
Unknown command.
Unknown command.
Unknown command.
* * * LOW HITPOINT WARNING * * *
You feel very sick.
The scorpion stings you but does no damage.
The orc wizard hits you with a +0 dagger.
* * * LOW HITPOINT WARNING * * *
The orc closely misses you.
You climb upwards.
You feel less confused.
* * * LOW HITPOINT WARNING * * *
You feel very sick.
There is a stone staircase leading down here.
It was a potion of flight.
You feel very buoyant.
You fly up into the air.
You die...

, * *,....# .....#
####### .....#
#.....# .....#
#..o.o######....####
#...@...............,
#...s.............#*
#......#.(........#
#......####.......#
#......# #.#.......,
###....# #.#.#######
#########.#.#......
###...)...#.#.###
#..†######....#.##


You could see a scorpion, an orc wizard and an orc.

Vanquished Creatures
  An adder (D:2)
  A dart slug (D:1)
  5 bats
  An endoplasm (D:3)
  A giant cockroach (D:1)
  6 jackals
  A ball python (D:1)
  2 frilled lizards
  4 goblins
  4 kobolds
26 creatures vanquished.

Notes
Turn   | Place    | Note
-------+----------+-------------------------------------------
     0 | D:1      | Twinkles the Meteoran Fighter began the quest for the Orb.
     0 | D:1      | Reached XP level 1. HP: 19/19 MP: 2/2
    68 | D:1      | Reached XP level 2. HP: 25/26 MP: 3/3
   150 | D:1      | Reached XP level 3. HP: 31/31 MP: 4/4
   281 | D:2      | Reached skill level 4 in Armour
   391 | D:4      | Noticed Grinder
   391 | D:4      | Noticed a scorpion
   393 | D:4      | Paralysed by Grinder for 3 turns
   397 | D:4      | HP: 11/33 [orc/+0 hand axe (1)]
   399 | D:3      | HP: 1/33 [poisoned by a scorpion]
   400 | D:3      | Succumbed to a scorpion's poison

Illustrated notes

Levels and vault maps discovered:
D:1:      scummos_arrival_forest, layout_basic, minmay_misc_feat_cross,
          hangedman_abyss_or_decor_stabs, minmay_misc_feat_tiny,
          nicolae_shop_unique_rings, minmay_bisected
D:2:      layout_basic, minivault_4
D:3:      layout_basic, mainiacjoe_overflow_surrounded_room
D:4:      layout_basic, uniq_grinder

Skill      XL: |  1  2  3 |
---------------+----------+-----
Axes           | 3 |  3.6
Armour         | 4 |  4.1
Fighting       | |  3.7
Shields        | |  3.6

Action                     || total
---------------------------++-------
  Melee: War axe           ||    50
    Use: Potion            ||     1
 Armour: Scale mail        ||    34
  Dodge: Dodged            ||    14
  Block: Buckler           ||    14
